AoeStats
← Sir Loie

Arena

509714410Analyzed
4v4 RM · 6d ago on Sep 27, 2026· 83m 37s· 8 players
Game mode
Random Map
Map size
Large (8 player)
Population
200
Speed
Normal
Resources
Standard
Victory
Conquest
Starting age
Dark Age
Ending age
Imperial Age
RankedLock teamsTeams togetherTeam positionsShared explorationLock speedFull tech treeHidden civsTurbo modeCheats
Victory
Defeat
713
+13
🇹🇼 Bohemians · Taiwan
681
+15
🇧🇪 Bohemians · Belgium
678
+15
🇦🇷 Wei · Argentina
670
+20
🇬🇷 Ethiopians · Greece
744
-19
🇬🇷 Britons · Greece
631
-14
🇬🇷 Celts · Greece
624
-13
🇬🇷 Hindustanis · Greece
603
-12
NaVaRxOs
12:16 Feudal Age
14:12 Double-Bit Axe
15:51 Wheelbarrow
15:06 Horse Collar
16:21 Wheelbarrow
15:48 Gold Mining
16:23 Town Watch
22:19 Castle Age
21:16 Stone Mining
23:54 Forging
23:45 Scale Mail Armor
23:51 Scale Barding Armor
23:36 Fletching
23:47 Padded Archer Armor
25:00 Hand Cart
26:38 Fortified Wall
27:09 Heavy Plow
28:31 Stone Shaft Mining
29:35 Light Cavalry
30:17 Husbandry
31:37 Gold Shaft Mining
32:08 Bow Saw
33:04 Caravan
34:26 Pikeman
34:52 Gambesons
39:51 Imperial Age
41:34 Conscription
40:40 Elite Woad Raider
42:28 Cavalier
43:08 Halberdier
44:28 Stronghold
45:12 Elite Skirmisher
47:12 Chain Barding Armor
47:28 Iron Casting
46:49 Bodkin Arrow
47:10 Leather Archer Armor
60:55 Man-at-Arms
61:24 Arson
66:12 Masonry
65:58 Murder Holes
Destroyer
0:41 Loom
12:58 Feudal Age
14:38 Wheelbarrow
13:50 Double-Bit Axe
13:52 Town Watch
14:00 Gold Mining
13:34 Man-at-Arms
14:10 Horse Collar
24:24 Castle Age
23:17 Stone Mining
23:39 Forging
23:21 Fletching
23:46 Padded Archer Armor
23:58 Scale Mail Armor
25:33 Hand Cart
25:45 Town Patrol
26:11 Bow Saw
25:36 Crossbowman
28:45 Elite Skirmisher
30:58 Thumb Ring
31:04 Squires
32:59 Heavy Plow
33:55 Gold Shaft Mining
38:21 Stone Shaft Mining
37:56 Bodkin Arrow
38:16 Leather Archer Armor
38:07 Scale Barding Armor
41:04 Imperial Age
39:29 Leather Archer Armor
40:24 Arson
41:17 Iron Casting
40:58 Chain Mail Armor
41:37 Caravan
42:22 Fortified Wall
42:33 Ballistics
42:09 Murder Holes
42:19 Siege Engineers
42:25 Masonry
42:26 Bracer
43:27 Blast Furnace
42:58 Ring Archer Armor
42:49 Chain Barding Armor
44:37 Chemistry
44:51 Two-Man Saw
44:26 Conscription
44:07 Royal Heirs
43:28 Elite Shotel Warrior
43:44 Capped Ram
44:35 Siege Ram
44:50 Arbalester
48:18 Architecture
48:21 Plate Mail Armor
48:44 Husbandry
48:05 Heavy Camel Rider
48:06 Light Cavalry
52:08 Cavalier
56:02 Onager
60:59 Siege Onager
tsolakos555
0:32 Loom
13:36 Feudal Age
14:31 Horse Collar
19:47 Castle Age
17:53 Double-Bit Axe
21:44 Bow Saw
21:38 Heavy Plow
29:42 Wheelbarrow
30:46 Forging
30:43 Scale Barding Armor
33:52 Imperial Age
31:40 Hand Cart
31:13 Town Watch
32:17 Husbandry
32:28 Bloodlines
34:05 Caravan
34:36 Heavy Camel Rider
36:22 Chemistry
35:43 Ballistics
35:34 Masonry
35:48 Chain Barding Armor
35:29 Gold Mining
35:29 Stone Mining
36:59 Imperial Camel Rider
38:10 Shatagni
38:11 Grand Trunk Road
39:13 Gold Shaft Mining
39:14 Stone Shaft Mining
44:58 Plate Barding Armor
44:59 Iron Casting
46:55 Elite Ghulam
58:27 Blast Furnace
57:27 Scale Mail Armor
57:28 Padded Archer Armor
57:19 Fletching
KARApan
1:34 Loom
12:55 Feudal Age
17:08 Double-Bit Axe
18:16 Horse Collar
23:34 Castle Age
22:32 Padded Archer Armor
22:23 Fletching
22:45 Forging
22:35 Scale Mail Armor
23:49 Pikeman
24:30 Squires
25:34 Bodkin Arrow
27:04 Gold Mining
27:05 Stone Mining
27:54 Heavy Plow
29:15 Bow Saw
29:21 Man-at-Arms
30:21 Town Watch
32:24 Wheelbarrow
35:55 Imperial Age
33:44 Hand Cart
35:30 Long Swordsman
35:57 Gambesons
36:03 Elite Longbowman
38:57 Two-Man Saw
38:41 Conscription
39:07 Elite Skirmisher
40:19 Warwolf
40:59 Leather Archer Armor
42:08 Bracer
42:40 Ring Archer Armor
47:07 Town Patrol
47:29 Chain Mail Armor
47:21 Scale Barding Armor
47:24 Caravan
47:55 Coinage
47:36 Guilds
53:27 Plate Mail Armor
55:04 Yeomen
58:29 Halberdier
70:54 Banking
Sir Loie
11:38 Loom
13:24 Feudal Age
18:14 Castle Age
16:28 Double-Bit Axe
16:38 Horse Collar
18:16 Wheelbarrow
20:21 Bow Saw
20:13 Heavy Plow
20:31 Hand Cart
25:48 Caravan
31:31 Town Watch
34:16 Imperial Age
32:18 Town Patrol
33:14 Elite Skirmisher
33:59 Squires
33:44 Arson
33:21 Pikeman
36:29 Chemistry
35:50 Ballistics
35:26 Murder Holes
35:42 Fortified Wall
38:49 Fervor
39:13 Forging
38:53 Fletching
39:04 Scale Mail Armor
39:04 Padded Archer Armor
39:10 Scale Barding Armor
39:19 Masonry
39:15 Siege Engineers
38:57 Arrowslits
38:39 Houfnice
39:02 Halberdier
40:55 Husbandry
42:07 Wagenburg Tactics
41:33 Sappers
42:11 Guard Tower
42:41 Bombard Tower
42:52 Architecture
42:49 Chain Barding Armor
42:45 Chain Mail Armor
43:37 Leather Archer Armor
43:17 Bodkin Arrow
43:58 Iron Casting
43:58 Conscription
45:15 Hussite Reforms
45:55 Elite Hussite Wagon
49:48 Ring Archer Armor
49:49 Plate Mail Armor
50:19 Blast Furnace
49:20 Bracer
52:13 Keep
65:50 Heavy Scorpion
65:52 Onager
65:54 Capped Ram
67:58 Crossbowman
77:08 Redemption
76:59 Atonement
77:24 Illumination
77:15 Block Printing
76:55 Herbal Medicine
77:01 Devotion
77:36 Theocracy
77:22 Heresy
77:22 Sanctity
77:12 Siphons
77:18 Clinker Construction
77:19 Careening
76:59 Man-at-Arms
82:13 Coinage
81:54 Guilds
82:55 Banking
82:16 Spies/Treason
83:17 Arbalester
85:06 Two-Man Saw
84:30 Faith
Alva
8:25 Loom
10:35 Feudal Age
11:07 Horse Collar
11:13 Double-Bit Axe
15:33 Stone Mining
15:36 Gold Mining
20:13 Castle Age
20:28 Stone Mining
21:04 Bow Saw
20:56 Heavy Plow
21:21 Town Watch
24:47 Wheelbarrow
28:53 Hand Cart
29:17 Husbandry
29:30 Bloodlines
33:04 Imperial Age
30:42 Town Patrol
30:56 Scale Barding Armor
31:02 Forging
32:50 Gold Shaft Mining
32:54 Stone Shaft Mining
32:23 Devotion
32:06 Treadmill Crane
32:36 Masonry
32:22 Murder Holes
32:37 Fortified Wall
32:40 Caravan
33:12 Chain Barding Armor
33:28 Iron Casting
33:36 Heavy Hei Guang Cavalry
36:35 Blast Furnace
39:43 Ming Guang Armor
39:21 Tuntian
39:57 Hoardings
39:49 Conscription
44:40 Padded Archer Armor
44:31 Fletching
77:16 Guard Tower
77:17 Heated Shot
77:53 Faith
77:59 Illumination
77:50 Block Printing
77:56 Sanctity
77:02 Elite Tiger Cavalry
83:20 Spies/Treason
TUNG TUNG TUNG TUNG TUNG SAHUR
8:03 Loom
8:40 Loom
10:35 Feudal Age
12:09 Wheelbarrow
11:16 Horse Collar
11:25 Double-Bit Axe
20:21 Castle Age
21:13 Heavy Plow
21:59 Caravan
23:26 Bow Saw
23:46 Bloodlines
23:36 Husbandry
24:27 Gold Mining
25:07 Stone Mining
25:52 Gold Shaft Mining
25:55 Town Watch
27:00 Fletching
27:11 Padded Archer Armor
28:19 Padded Archer Armor
28:38 Bodkin Arrow
30:50 Leather Archer Armor
31:08 Hand Cart
31:36 Ballistics
35:02 Imperial Age
33:28 Fortified Wall
34:05 Gold Shaft Mining
34:05 Stone Shaft Mining
36:05 Conscription
35:22 Elite Mangudai
38:15 Chemistry
37:26 Masonry
38:00 Conscription
38:03 Drill
38:57 Stone Shaft Mining
38:47 Bracer
39:39 Onager
41:40 Nomads
43:04 Siege Onager
47:38 Hoardings
60:48 Town Patrol
77:01 Siege Engineers
77:07 Thumb Ring
77:28 Parthian Tactics
79:43 Crossbowman
79:43 Elite Skirmisher
79:43 Heavy Cavalry Archer
79:58 Sappers
80:13 Spies/Treason
Test
0:43 Loom
10:20 Feudal Age
18:11 Castle Age
16:37 Double-Bit Axe
16:34 Horse Collar
20:44 Bow Saw
20:36 Heavy Plow
28:06 Pikeman
33:53 Imperial Age
32:06 Wheelbarrow
33:00 Chemistry
32:21 Ballistics
32:42 Squires
32:27 Arson
34:07 Hand Cart
33:38 Town Watch
35:00 Conscription
34:45 Wagenburg Tactics
36:03 Two-Man Saw
35:08 Scale Mail Armor
35:22 Forging
35:09 Halberdier
37:52 Chain Mail Armor
38:13 Iron Casting
38:08 Houfnice
39:46 Plate Mail Armor
43:13 Hussite Reforms
45:06 Padded Archer Armor
44:56 Fletching
46:07 Blast Furnace
46:40 Leather Archer Armor
46:20 Bodkin Arrow
47:00 Siege Engineers
48:16 Sanctity
50:11 Theocracy
49:55 Fervor
50:45 Redemption
50:53 Block Printing
52:54 Elite Skirmisher
59:25 Ring Archer Armor
59:01 Scale Barding Armor
62:48 Caravan
63:19 Coinage
63:00 Guilds
65:51 Bracer
66:11 Chain Barding Armor
68:04 Illumination
70:29 Banking
82:41 Spies/Treason
Connection lost

Rejoining the realm…

Still unreachable

The connection could not be restored.

Session expired

The server has moved on; the page needs a fresh start.